 Dungeon Sprint DCSS version 0.27-a0-660-g90476cec82 (webtiles) character file.

Game seed: 1327034917084732623

1123 mhtbhm the Blocker (level 8, 0/79 HPs)
             Began as a Minotaur Fighter on Mar 16, 2021.
             Was a High Priest of Trog.
             Succumbed to a black mamba's poison
             ... in the Dungeon (Sprint VII: "The Pits").
             The game lasted 00:01:04 (502 turns).

mhtbhm the Blocker (Minotaur Fighter)                Turns: 502, Time: 00:01:05

Health: 0/79       AC: 10    Str: 23    XL:     8   Next: 13%
Magic:  7/7        EV: 11    Int:  5    God:    Trog [*****.]
Gold:   0          SH: 13    Dex: 10    Spells: 7/7 levels left

rFire    . . .     SeeInvis .   a - +2 hand axe (elec)
rCold    . . .     Faith    .   c - +0 kite shield
rNeg     . . .     Spirit   .   b - +3 ring mail
rPois    .         Reflect  .   (helmet restricted)
rElec    .         Harm     .   (no cloak)
rCorr    .         Rampage  .   (no gloves)
Will     .....     NoTele   +   (no boots)
Stlth    ..........             (no amulet)
HPRegen  0.23/turn              (no ring)
MPRegen  0.10/turn              (no ring)

@: lethally poisoned (0 -> -58), berserk cooldown, slowed, very slow
A: horns 2, retaliatory headbutt
a: Renounce Religion, Berserk, Trog's Hand, Brothers in Arms


You were in the Dungeon.
You worshipped Trog.
Trog was extremely pleased with you.
You visited 1 branch

Inventory:

Hand Weapons
 a - a +2 hand axe of electrocution (weapon)
Missiles
 m - 2 poisoned darts (quivered)
Armour
 b - a +3 ring mail (worn)
 c - a +0 kite shield (worn)
Scrolls
 j - a scroll of blinking
 l - a scroll of summoning
Potions
 d - a potion of might
 e - 6 potions of curing
 f - 6 potions of heal wounds
 g - a potion of haste
 h - 4 potions of magic
 i - 3 potions of berserk rage
 k - 2 potions of invisibility


   Skills:
 + Level 9.9 Fighting
 + Level 9.2 Axes
 + Level 11.5 Armour
 + Level 4.6 Dodging
 + Level 12.2 Shields


You had 7 spell levels left.
You didn't know any spells.
Your spell library was empty.

Dungeon Overview and Level Annotations

Branches:
Dungeon (1/1)

Altars:
Cheibriados
Dithmenos
Elyvilon
Fedhas
Gozag
Hepliaklqana
Makhleb
Nemelex Xobeh
Okawaru
Qazlal
Ru
Sif Muna
Trog
Vehumet
Wu Jian
Xom
Yredelemnul
Zin
The Shining One
Beogh
Jiyva
Lugonu


Innate Abilities, Weirdness & Mutations

You have a pair of horns on your head.
You reflexively headbutt those who attack you in melee.


Message History

You slash the black mamba! You headbutt the black mamba.
The black mamba is heavily wounded.
You feel sick. The black mamba bites you!
You are lethally poisoned!
The black mamba poisons you!
You miss the black mamba.
The black mamba is heavily wounded.
You feel very sick. The black mamba bites you!
* * * LOW HITPOINT WARNING * * *
You are more poisoned.
The black mamba poisons you!
You miss the black mamba. You headbutt the black mamba!
The black mamba is almost dead.
* * * LOW HITPOINT WARNING * * *
You feel very sick.
The black mamba bites you but does no damage.
You slice the black mamba!!
You kill the black mamba!
Trog accepts your kill.
* * * LOW HITPOINT WARNING * * *
You feel very sick.
Your Axes skill increases to level 9!
Your Armour skill increases to level 11!
Your Shields skill increases to level 12!
You have reached level 8!
You feel stronger.
* * * LOW HITPOINT WARNING * * *
You feel very sick.
There is an open door here.
You feel a strong urge to attack something.
* * * LOW HITPOINT WARNING * * *
You feel very sick.
There is an open door here.
* * * LOW HITPOINT WARNING * * *
You feel very sick.
You feel your anger nearly subside.
You are no longer berserk.
You are exhausted.
You feel yourself slow down.
You die...

#.#..[)))..##.......#
#'###########.......#
#.......#..##########
#†.#.#..#.######
#.##.##.#)#....#
#.)†....#'#†...#
#.##.##.#.))...+
#..#.#..#'#....#
#.....@.'.#....#
################


There were no monsters in sight!

Vanquished Creatures
  A black mamba (D)
  A wraith (D)
  A floating eye (D)
  An orc warrior (D)
  An ice beast (D)
  A black bear (D)
  An ogre (D)
  A kobold brigand (D)
  Jessica (D)
  2 adders (D)
  2 river rats (D)
  An ooze (D)
  A leopard gecko (D)
  An orc (D)
  A bat (D)
  A bat zombie (D)
  A giant cockroach (D)
  A hobgoblin (D)
  2 jackals (D)
  A giant cockroach zombie (D)
  3 rats (D)
26 creatures vanquished.

Notes
Turn   | Place    | Note
-------+----------+-------------------------------------------
     0 | D        | mhtbhm the Minotaur Fighter began the quest for the Orb.
     0 | D        | Reached XP level 1. HP: 19/19 MP: 0/0
    24 | D        | Reached skill level 4 in Shields
    28 | D        | Found a bloodstained altar of Trog.
    28 | D        | Found a shimmering blue altar of Sif Muna.
    28 | D        | Found a viscous altar of Jiyva.
    28 | D        | Found a hazy altar of Hepliaklqana.
    28 | D        | Found an opulent altar of Gozag.
    29 | D        | Found a glowing golden altar of the Shining One.
    29 | D        | Found a glowing silver altar of Zin.
    29 | D        | Found a basalt altar of Yredelemnul.
    29 | D        | Found a shimmering altar of Xom.
    29 | D        | Found an ornate altar of the Wu Jian Council.
    29 | D        | Found a sacrificial altar of Ru.
    29 | D        | Found a stormy altar of Qazlal.
    29 | D        | Found an iron altar of Okawaru.
    29 | D        | Found a sparkling altar of Nemelex Xobeh.
    29 | D        | Found a burning altar of Makhleb.
    29 | D        | Found a blossoming altar of Fedhas.
    29 | D        | Found a white marble altar of Elyvilon.
    29 | D        | Found a shadowy altar of Dithmenos.
    29 | D        | Found a snail-covered altar of Cheibriados.
    31 | D        | Found a radiant altar of Vehumet.
    31 | D        | Found a corrupted altar of Lugonu.
    33 | D        | Became a worshipper of Trog the Wrathful
   130 | D        | Reached skill level 5 in Shields
   130 | D        | Reached XP level 2. HP: 19/28 MP: 1/1
   131 | D        | Reached * piety under Trog
   258 | D        | Reached skill level 5 in Fighting
   258 | D        | Reached skill level 5 in Armour
   267 | D        | Reached ** piety under Trog
   268 | D        | Reached XP level 3. HP: 32/36 MP: 2/2
   332 | D        | Noticed Jessica
   332 | D        | Noticed a black bear
   333 | D        | Killed Jessica
   333 | D        | Reached *** piety under Trog
   334 | D        | Reached skill level 6 in Shields
   341 | D        | Killed a black bear
   341 | D        | Reached **** piety under Trog
   342 | D        | Reached skill level 5 in Axes
   342 | D        | Reached skill level 1 in Dodging
   342 | D        | Reached skill level 7 in Shields
   342 | D        | Reached XP level 4. HP: 34/45 MP: 3/3
   342 | D        | Reached XP level 5. HP: 39/51 MP: 4/4
   352 | D        | Reached skill level 8 in Shields
   415 | D        | Noticed a floating eye
   416 | D        | Killed a floating eye
   417 | D        | Reached skill level 9 in Shields
   417 | D        | Reached XP level 6. HP: 61/61 MP: 5/5
   419 | D        | Noticed a wraith
   426 | D        | Killed a wraith
   427 | D        | Reached skill level 10 in Armour
   427 | D        | Reached skill level 10 in Shields
   466 | D        | Noticed an ice beast
   466 | D        | Noticed an orc warrior
   469 | D        | Killed an orc warrior
   469 | D        | Reached ***** piety under Trog
   470 | D        | Reached XP level 7. HP: 69/69 MP: 6/6
   484 | D        | Reached skill level 11 in Shields
   490 | D        | Noticed a black mamba
   493 | D        | Received a gift from Trog
   498 | D        | Killed a black mamba
   499 | D        | Reached skill level 12 in Shields
   499 | D        | Reached XP level 8. HP: 14/79 MP: 7/7
   501 | D        | HP: 4/118 [poisoned by a black mamba]
   502 | D        | Succumbed to a black mamba's poison

Illustrated notes

Levels and vault maps discovered:
D:        pitsprint [storerooms_1, entrance_room_1, metal_vault_8, armoury_2,
          mini_pit_1, grid_room_1, main_hall_1, silver_pit, the_coven_3,
          the_vestibule_1, steel_vault_2, golden_pit, hallway_of_sentries,
          crystal_vault_2, iron_vault_4, final_vault]

Skill      XL: |  1  2  3  4  5  6  7 |
---------------+----------------------+-----
Fighting       | 4 5 6 8 9 |  9.9
Armour         | 4 5 7 9 10 11 | 11.5
Shields        | 5 7 9 10 12 | 12.2
Axes           | 3 5 6 7 9 |  9.2
Dodging        | 1 2 3 4 |  4.6

Action                   |  1- 3 |  4- 6 |  7- 9 || total
-------------------------+-------+-------+-------++-------
Melee: War axe           |    11 |       |       ||    11
       Hand axe          |    26 |    14 |    19 ||    59
       Headbutt          |     3 |     4 |     2 ||     9
Invok: Berserk           |       |     1 |     1 ||     2
Armor: Scale mail        |     8 |       |       ||     8
       Ring mail         |    11 |     1 |     6 ||    18
Dodge: Dodged            |    12 |     2 |     5 ||    19
Block: Kite shield       |    34 |     7 |     6 ||    47

Table legend: (Time is in decaauts)
 A = Elapsed time spent in this place.
 B = Non-inter-level travel time spent in this place.
 C = Inter-level travel time spent in this place.
 D = Time resting spent in this place.
 E = Time spent auto-exploring this place.
 F = Levels seen in this place.
 G = Mean time per level.
                   A        B        C        D        E       F      G
               +--------+--------+--------+--------+--------+-----+--------+
         Total |    522 |    522 |      0 |    269 |     27 |   1 |  522.0 |
       Dungeon |    522 |    522 |      0 |    269 |     27 |   1 |  522.0 |
               +--------+--------+--------+--------+--------+-----+--------+

Top non-repeatable levels by time:
       D: 522 daAuts
